 Dungeon Crawl Stone Soup version 0.30.1-4-g462c640d31 (webtiles) character file.

Game seed: 3297413125856793152

44 booth the Insei (level 3, -1/27 HPs)
             Began as a Demonspawn Transmuter on Aug 16, 2023.
             Slain by an adder (2 damage)
             ... on level 2 of the Dungeon.
             The game lasted 00:11:15 (1386 turns).

booth the Insei (Demonspawn Transmuter)             Turns: 1386, Time: 00:11:16

Health: -1/27      AC:  3    Str: 11 (12) XL:     3   Next: 41%
Magic:  6/6        EV: 12    Int: 11 (14) God:
Gold:   47         SH:  4    Dex: 10 (13) Spells: 3/6 levels left

rFire   . .          .
                       - Unarmed
rCold   + . .        (no shield)
rNeg    . . .        a - +1 robe
rPois   .            (helmet restricted)
rElec   .            (no cloak)
rCorr   .            (no gloves)
SInv    .            (no boots)
Will    .....        (no amulet)
Stlth   +            h - ring of protection from cold
HPRegen 0.24/turn    (no ring)
MPRegen 0.10/turn

%: no passive effects
@: lethally poisoned (-1 -> -3)
A: antennae 1, condensation shield
a: no special abilities


You were on level 2 of the Dungeon.
You visited 1 branch of the dungeon, and saw 2 of its levels.

You collected 69 gold pieces.
You spent 22 gold pieces at shops.

Inventory:

Armour
 a - a +1 robe (worn)
 c - a +0 leather armour
Jewellery
 h - a ring of protection from cold (left hand)
Scrolls
 f - a scroll of fear {unknown}
 i - a scroll of immolation
Potions
 b - 3 potions of lignification
 d - a potion of ambrosia
 g - a potion of resistance


   Skills:
 + Level 1.6 Fighting
 + Level 2.1 Dodging
 * Level 3.2 Unarmed Combat
 + Level 2.2 Spellcasting
 * Level 2.2 Transmutations
 + Level 0.0 Ice Magic


You had 3 spell levels left.
You knew the following spells:

 Your Spells              Type           Power      Damage    Failure   Level
a - Beastly Appendage     Tmut           12%        N/A       12%         1
b - Wereblood             Tmut           6%         N/A       17%         2

Your spell library contained the following spells:

 Spells                   Type           Power      Damage    Failure   Level
 Passwall                 Tmut/Erth      2%         N/A       26%         2
 Ensorcelled Hibernation  Hex/Ice        2%         N/A       41%         2
 Spider Form              Tmut/Pois      3%         N/A       47%         3
 Ozocubu's Armour         Ice            1%         N/A       65%         3
 Swiftness                Air            1%         N/A       65%         3
 Ice Form                 Ice/Tmut       3%         N/A       87%         4
 Ozocubu's Refrigeration  Ice            0%         4d7       100%        7


Dungeon Overview and Level Annotations

Branches:
Dungeon (2/15)

Altars:

Shops:
D:1 *


Innate Abilities, Weirdness & Mutations

You have a pair of small antennae on your head.
A meltable shield of frost defends you. (SH +4)


Message History

You closely miss the adder. Your kick misses the adder.
The adder is moderately wounded.
You block the adder's attack. x2
You closely miss the adder.
The adder is moderately wounded.
The adder bites you.
You miss the adder. Your kick misses the adder.
The adder is moderately wounded.
The adder bites you.
You barely miss the adder.
The adder is moderately wounded.
The adder bites you.
You are poisoned.
The adder poisons you!
You closely miss the adder. Your kick misses the adder.
The adder is moderately wounded.
You feel sick. The adder bites you. The adder barely misses you.
You barely miss the adder.
The adder is moderately wounded.
Your talons disappear.
You feel sick. The adder barely misses you.
You barely miss the adder.
The adder is moderately wounded.
You feel sick. The adder bites you.
* * * LOW HITPOINT WARNING * * *
You are lethally poisoned!
The adder poisons you!
You hit the adder but do no damage.
The adder is moderately wounded.
* * * LOW HITPOINT WARNING * * *
You feel sick. The adder closely misses you.
You hit the adder. You punch the adder, but do no damage.
The adder is heavily wounded.
* * * LOW HITPOINT WARNING * * *
You feel sick. The adder bites you but does no damage.
You miss the adder.
The adder is moderately wounded.
* * * LOW HITPOINT WARNING * * *
You feel sick. The adder closely misses you. The adder bites you.
You die...

..#...# ###.##.##.#
#..#..# ###........
.#..#.# #........##
..#...# #........#
+........+
#........##
...#####..[......#..
.......†..........#
#..######...@S..#.
##+######


You could see an adder.

Vanquished Creatures
  A dart slug (D:1)
  10 bats
  4 endoplasms
  3 giant cockroaches (D:1)
  A goblin (D:1)
  3 hobgoblins
  2 quokkas (D:1)
  3 ball pythons (D:1)
  A frilled lizard (D:1)
  5 kobolds
  3 rats
36 creatures vanquished.

Notes
Turn   | Place    | Note
-------+----------+-------------------------------------------
     0 | D:1      | booth the Demonspawn Transmuter began the quest for the
                  | Orb.
     0 | D:1      | Reached XP level 1. HP: 15/15 MP: 3/3
   104 | D:1      | Discovered your monstrous ancestry.
   104 | D:1      | Lost mutation: You have a pair of horns on your head.
                  | [demonic ancestry]
   104 | D:1      | Lost mutation: You have a pair of small horns on your head.
                  | [demonic ancestry]
   104 | D:1      | Gained mutation: You have a pair of small antennae on your
                  | head. [demonic ancestry]
   104 | D:1      | Reached XP level 2. HP: 16/21 MP: 5/5
   210 | D:1      | Reached skill level 3 in Unarmed Combat
   219 | D:1      | Learned a level 2 spell: Wereblood
   514 | D:1      | Found Nyesim's General Store.
   562 | D:1      | Bought a scroll of identify for 22 gold pieces
   668 | D:1      | Gained mutation: A meltable shield of frost defends you.
                  | (SH +4) [demonic ancestry]
   668 | D:1      | Reached XP level 3. HP: 23/26 MP: 4/6
  1386 | D:2      | HP: 1/27 [poisoned by an adder]
  1386 | D:2      | Slain by an adder

Illustrated notes

Levels and vault maps discovered:
D:1:      dpeg_arrival_tiny_d, layout_basic, serial_shops, shop_statue,
          minmay_shallow_snake_nest
D:2:      layout_basic, basic_altar, dreamdust_ecumenical_altar_statues,
          serial_shops, nicolae_shop_tiny_waterfront, st_stairs_1,
          minmay_misc_feat_diagonals, eino_tiny_chamber

Skill      XL: |  1  2 |
---------------+-------+-----
Unarmed Combat | 3 |  3.2
Dodging        | 2 |  2.1
Transmutations | 2 |  2.2
Fighting       | |  1.6
Spellcasting   | |  2.2

Action                     || total
---------------------------++-------
  Melee: Unarmed           ||   131
         Kick              ||    16
         Headbutt          ||     2
         Punch             ||     2
   Cast: Beastly Appendage ||    16
    Use: Scroll            ||     7
         Potion            ||     1
 Armour: Robe              ||    27
  Dodge: Dodged            ||    77
  Block: Other             ||     9
